Map: 16-Bit LE

Players

Optimus

  • Race: Terran Terran
  • Spawn Location: 1:00

Neeb - Winner!

  • Race: Protoss Protoss
  • Spawn Location: 7:00

Event: WCS Valencia 2018

VOD

Have the link to the VOD?

Description

Time

  • Played on: July 12, 2018, 6:37 a.m.
  • Length: 6:15

All games in this series

Show
View Real Time Build Order
Export as new Build Order

Optimus Terran 

Build Orders: Reaper Expand 

Get SALT Encoding   

  12  0:00  SCV  
  13  0:13  SCV  
  14  0:17  Supply Depot  
  14  0:25  SCV  
  15  0:39  SCV  
  15  0:40  Barracks  
  16  0:45  Refinery  
  16  0:51  SCV  
  17  1:03  SCV  
  18  1:16  SCV  
  19  1:28  Reaper  
  19  1:29  Orbital Command  
  20  1:43  Command Center  
  20  1:50  Supply Depot  
  20  1:54  SCV  
  20  2:00  Marine  
  22  2:08  Factory  
  22  2:12  SCV  
  23  2:17  Refinery  
  23  2:22  Barracks Reactor  
  23  2:24  SCV  
  24  2:36  SCV  
  25  2:48  SCV  
  26  2:52  Starport  
  26  2:57  Widow Mine, Orbital Command  
  28  2:59  Marine x2  
  28  3:00  SCV  
  31  3:12  SCV  
  32  3:17  Marine x2  
  34  3:20  Cyclone  
  34  3:24  SCV x2  
  39  3:33  Medivac  
  41  3:36  Supply Depot, SCV x2  
  41  3:37  Marine x2  
  45  3:48  SCV  
  46  3:57  Cyclone, SCV  
  46  4:00  SCV  
  51  4:06  Viking  
  51  4:09  Supply Depot, SCV  
  54  4:20  Barracks  
  54  4:21  Barracks  
  54  4:23  Supply Depot  
  54  4:31  SCV x2, Marine x2  
  58  4:35  Liberator  
  58  4:43  SCV x2, Command Center  
  61  4:53  Marine x2  
  61  4:54  Factory Tech Lab  
  61  4:55  SCV x2  
  65  5:07  SCV x2  
  66  5:17  Marine x4  
  66  5:18  Siege Tank  
  66  5:19  SCV x2  
  61  5:31  SCV x2  
  55  5:40  Marine x4  
  52  5:43  SCV x2  
  44  5:56  SCV x2  
Show
View Real Time Build Order
Export as new Build Order

Neeb Protoss - Winner!

Build Orders: 1 Gate Expand, Oracle Opening 

Get SALT Encoding   

  12  0:01  Probe  
  13  0:13  Probe  
  14  0:18  Pylon  
  14  0:24  Probe  
  15  0:32  Probe  
  15  0:37  Gateway  
  15  0:40  Probe  
  16  0:47  Assimilator  
  17  0:51  Probe  
  18  1:03  Probe  
  19  1:15  Probe  
  20  1:25  Nexus  
  20  1:35  Cybernetics Core  
  20  1:38  Probe  
  21  1:44  Assimilator  
  21  1:50  Probe  
  21  1:52  Pylon  
  22  2:00  Probe  
  22  2:03  Adept  
  22  2:08  Probe  
  26  2:16  Probe  
  26  2:21  Stargate  
  27  2:29  Adept, Probe  
  28  2:34  Probe  
  30  2:42  Probe x2  
  32  2:44  Warp Gate  
  33  2:52  Probe  
  33  2:54  Probe  
  33  2:56  Adept  
  33  2:57  Oracle  
  37  3:04  Probe  
  38  3:06  Probe  
  42  3:16  Probe  
  42  3:18  Probe, Pylon  
  44  3:20  Pylon  
  44  3:26  Oracle  
  44  3:28  Probe  
  44  3:30  Probe  
  46  3:40  Probe  
  50  3:43  Probe  
  50  3:47  Nexus  
  51  3:51  Pylon  
  51  3:53  Probe  
  52  3:56  Oracle, Probe  
  53  4:05  Probe  
  53  4:08  Probe  
  58  4:10  Pylon  
  58  4:12  Assimilator  
  58  4:15  Assimilator  
  58  4:17  Probe  
  58  4:20  Probe  
  58  4:23  Gateway  
  60  4:25  Gateway  
  60  4:29  Probe  
  61  4:32  Probe  
  61  4:34  Phoenix  
  64  4:41  Probe  
  64  4:43  Shield Battery  
  64  4:44  Shield Battery, Probe  
  66  4:51  Phoenix  
  66  4:53  Probe  
  66  4:54  Stalker  
  66  4:56  Probe  
  66  4:59  Probe  
  73  5:04  Pylon  
  73  5:05  Probe  
  74  5:08  Probe  
  74  5:11  Probe  
  75  5:15  Phoenix  
  75  5:19  Probe  
  75  5:20  Probe  
  77  5:25  Probe  
  78  5:30  Pylon  
  78  5:31  Probe  
  78  5:32  Probe  
  78  5:35  Stalker  
  77  5:37  Probe  
  77  5:39  Phoenix  
  76  5:43  Probe  
  76  5:46  Stalker x2  
  76  5:47  Probe  
  78  5:50  Probe  
  79  5:55  Probe  
  79  5:59  Probe, Assimilator  
  79  6:01  Twilight Council, Assimilator  
  79  6:03  Forge  
  79  6:12  Pylon  
Tags
 
Add a new tag
Caveats
  • Supply blocks, unpowered buildings, or Contaminate may cause inaccurate times.
  • Supply counts are checked every 10 seconds.